 Dungeon Crawl Stone Soup version 0.28-a0-1374-ga75cb3825e (webtiles) character file.

Game seed: 8545108025398252044

49 SensoryNuts the Skirmisher (level 3, -1/29 HPs)
             Began as a Demonspawn Fighter on Jan 1, 2022.
             Slain by Sigmund (10 damage)
             ... on level 2 of the Dungeon.
             The game lasted 00:01:09 (1396 turns).

SensoryNuts the Skirmisher (Demonspawn Fighter)     Turns: 1396, Time: 00:01:09

Health: -1/29      AC:  6    Str: 18    XL:     3   Next: 51%
Magic:  3/3        EV:  9    Int:  9    God:
Gold:   15         SH:  0    Dex: 16    Spells: 2/2 levels left

rFire   . . .      SeeInvis .   a - +0 long sword
rCold   . . .      Faith    .   c - +0 buckler
rNeg    . . .      Spirit   .   b - +0 scale mail
rPois   .          Reflect  .   (no helmet)
rElec   .          Harm     .   (no cloak)
rCorr   .          Rampage  .   (no gloves)
Will    .....                   (no boots)
Stlth   +.........              (no amulet)
HPRegen 0.09/turn               (no ring)
MPRegen 0.08/turn               (no ring)

@: confused
A: thin skeletal structure 2
a: no special abilities


You were on level 2 of the Dungeon.
You visited 1 branch of the dungeon, and saw 2 of its levels.

You collected 15 gold pieces.

Inventory:

Hand Weapons
 a - a +0 long sword (weapon)
Armour
 b - a +0 scale mail (worn)
 c - a +0 buckler (worn)
Magical Staves
 e - a staff of poison
Jewellery
 h - an amulet of faith
Scrolls
 f - a scroll of identify
Potions
 d - a potion of might
 g - a potion of heal wounds


   Skills:
 + Level 3.4 Fighting
 + Level 2.5 Long Blades
 + Level 3.0 Armour
 + Level 3.0 Shields


You had 2 spell levels left.
You didn't know any spells.
Your spell library contained the following spells:

 Spells                   Type           Power      Damage    Failure   Level
 Animate Armour           Summ/Erth      0%         N/A       100%        4
 Blade Hands              Tmut           0%         N/A       100%        5
 Iron Shot                Conj/Erth      0%         9d1       100%        6


Dungeon Overview and Level Annotations

Branches:
Dungeon (2/15)

Altars:

Annotations:
D:2 Sigmund


Innate Abilities, Weirdness & Mutations

You have a moderately thin skeletal structure. (Dex +4, Stealth++)


Message History

No target in view!
No target in view!
No target in view!
You feel sick.
You feel sick.
You feel sick.
You are no longer poisoned.
f - a scroll of identify Sigmund the Dreaded comes into view.
He is wielding a +0 scythe.
Sigmund shouts!
Sigmund is nearby!
Sigmund is nearby!
Found a stone staircase leading up.
Sigmund casts a spell at you. The magic dart hits you!
Sigmund drinks a potion.
Sigmund seems to speed up.
Sigmund points at you and mumbles some strange words.
You are confused.
You're too confused to move!
Sigmund points at you and mumbles some strange words.
You resist with significant effort.
Sigmund casts a spell.
Sigmund flickers and vanishes!
Deactivating autopickup; reactivate with Ctrl-A.
Unknown command.
You hear some strange, mumbled words.
Something tries to affect you, but you resist.
You feel less confused.
A puff of flame appears from out of thin air!
The puff of flame hits you.
You are confused.
A magic dart appears from out of thin air!
The magic dart hits you!
You're too confused to move!
You're too confused to move!
You hear some strange, mumbled words.
Something tries to affect you, but you resist.
You bump into the rock wall.
Something hits you.
You bump into the rock wall.
Something hits you!
You die...

####...##.### #####
#............
#.....#.###...#.###
..............#.#
#.....#.##....#.#
#.... #.##....#.###
.... #...........#
... #####.###.#.# #
.. #@.##.#.#####.#
.
##.##.#.....#.####
..#.#.......#...
..#.#.#.#.###.#.
..#.#.#.......#.
..#.#.#.#...#...
#.. #.#.#...#.## #.
#.#.#...#...
#.#..<#.####


There were no monsters in sight!

Vanquished Creatures
  2 adders (D:2)
  3 bats (D:1)
  2 endoplasms (D:1)
  A giant cockroach (D:1)
  A goblin (D:1)
  5 hobgoblins (D:1)
  8 kobolds (D:1)
  A quokka (D:1)
  3 ball pythons (D:1)
  A rat (D:1)
27 creatures vanquished.

Notes
Turn   | Place    | Note
-------+----------+-------------------------------------------
     0 | D:1      | SensoryNuts the Demonspawn Fighter began the quest for the
                  | Orb.
     0 | D:1      | Reached XP level 1. HP: 18/18 MP: 1/1
   345 | D:1      | Gained mutation: You have a somewhat thin skeletal
                  | structure. (Dex +2, Stealth+) [demonic ancestry]
   345 | D:1      | Reached XP level 2. HP: 24/24 MP: 2/2
  1082 | D:1      | Gained mutation: You have a moderately thin skeletal
                  | structure. (Dex +4, Stealth++) [demonic ancestry]
  1082 | D:1      | Reached XP level 3. HP: 28/29 MP: 3/3
  1372 | D:2      | Noticed Sigmund
  1396 | D:2      | Slain by Sigmund

Illustrated notes

Levels and vault maps discovered:
D:1:      heliophobic_arrival_glass_houses, layout_basic
D:2:      layout_basic, uniq_crazy_yiuf_cottage, uniq_sigmund

Skill      XL: |  1  2 |
---------------+-------+-----
Long Blades    | 2 |  2.5
Shields        | 3 |  3.0
Armour         | 3 |  3.0
Fighting       | |  3.4

Action                   || total
-------------------------++-------
Melee: Long sword        ||    97
  Use: Scroll            ||     1
Armor: Scale mail        ||    59
Dodge: Dodged            ||    76
Block: Buckler           ||    31

Table legend: (Time is in decaauts)
 A = Elapsed time spent in this place.
 B = Non-inter-level travel time spent in this place.
 C = Inter-level travel time spent in this place.
 D = Time resting spent in this place.
 E = Time spent auto-exploring this place.
 F = Levels seen in this place.
 G = Mean time per level.
                   A        B        C        D        E       F      G
               +--------+--------+--------+--------+--------+-----+--------+
         Total |   1427 |   1393 |     34 |      0 |   1147 |   2 |  713.5 |
       Dungeon |   1427 |   1393 |     34 |      0 |   1147 |   2 |  713.5 |
               +--------+--------+--------+--------+--------+-----+--------+

Top non-repeatable levels by time:
     D:1: 1213 daAuts
     D:2: 213 daAuts
